 Dungeon Crawl Stone Soup version 0.25.0-9-g26727b657a (webtiles) character file.

Game seed: 6804951034295867370

37 grindst0ne the Charlatan (level 3, -14/32 HPs)
             Began as a Deep Dwarf Artificer on June 20, 2020.
             Engulfed by a cloud of flame (17 damage)
             ... on level 2 of the Dungeon.
             The game lasted 00:02:38 (697 turns).

grindst0ne the Charlatan (Deep Dwarf Artificer)      Turns: 697, Time: 00:02:39

Health: -14/32     AC:  6    Str: 16    XL:     3   Next: 21%
Magic:  6/6        EV: 12    Int: 11    God:
Gold:   76         SH:  0    Dex: 13    Spells: 2/2 levels left

rFire    . . .     SeeInvis .   a - +0 short sword
rCold    . . .     Gourm    .   (no shield)
rNeg     . . .     Faith    .   i - +0 ring mail
rPois    .         Spirit   .   h - +0 helmet
rElec    .         Reflect  .   (no cloak)
rCorr    .         Harm     .   (no gloves)
MR       +....                  (no boots)
Stlth    +.........             (no amulet)
HPRegen  0.00/turn              k - ring of protection from magic
MPRegen  0.10/turn              (no ring)

@: non-regenerating
A: damage resistance, heal wounds, sense surroundings 1, no regeneration
a: Heal Wounds


You were on level 2 of the Dungeon.
You were not hungry.

You visited 1 branch of the dungeon, and saw 2 of its levels.

You collected 76 gold pieces.

Inventory:

Hand Weapons
 a - a +0 short sword (weapon)
Armour
 b - a +0 leather armour
 h - a +0 helmet (worn)
 i - a +0 ring mail (worn)
Jewellery
 k - a ring of protection from magic (left hand)
Wands
 c - a wand of flame (15)
 d - a wand of enslavement (15)
 e - a wand of random effects (15)
Scrolls
 g - 2 scrolls of enchant weapon {unknown}
 l - 3 scrolls of identify {unknown}
 o - a scroll of enchant armour {unknown}
 p - a scroll of amnesia {unknown}
Potions
 j - a potion of mutation {unknown}
 m - a potion of stabbing {unknown}
Comestibles
 f - a ration
 n - 2 chunks of flesh


   Skills:
 + Level 1.7 Fighting
 - Level 0.8 Short Blades
 + Level 1.7 Armour
 + Level 2.9 Dodging
 - Level 1.2 Stealth
 - Level 4.0 Evocations


You had 2 spell levels left.
You didn't know any spells.
Your spell library was empty.

Dungeon Overview and Level Annotations

Branches:
Dungeon (2/15)

Altars:
Cheibriados
Vehumet


Innate Abilities, Weirdness & Mutations

You are resistant to damage.
You can heal yourself by infusing magical energy.
You passively map a small area around you.
You do not regenerate.


Message History

The giant cockroach is moderately wounded.
The giant cockroach closely misses you.
You hit the giant cockroach.
The giant cockroach is severely wounded.
The giant cockroach barely misses you.
You hit the giant cockroach.
You kill the giant cockroach!
You see here a giant cockroach corpse.
You butcher the giant cockroach corpse.
n - 2 chunks of flesh
o - a scroll labeled DALYJAH RUXYME Really walk into a travel-excluded area?
You are engulfed in blazing flames.
Ouch! That really hurt!
* * * LOW HITPOINT WARNING * * *
You see here a scroll labeled UFEZXY BEULA.
p - a scroll labeled UFEZXY BEULA You are engulfed in blazing flames.
Ouch! That really hurt!
You die...

##.. , * * ####... #.,
..#..#.##*#.#.# *
#...##..##.....# *##, *
#....##.....##.## #. *
##..#.....#..##..## .. *
#..###....##...?.☼# .# *
..#####....#....§[###[#
........._.#.○._@.#...#
.###.........§§.☼.....#
.>...####...........#.####
.##### ####..........>..#
## #.............# #
#.............# #
#.............#
#.........##### *
#########.## ,


There were no monsters in sight!

Vanquished Creatures
  An adder (D:2)
  A dart slug (D:1)
  A leopard gecko (D:1)
  3 giant cockroaches
  7 goblins (D:1)
  3 bats (D:1)
  3 frilled lizards
  3 kobolds (D:1)
  2 rats
24 creatures vanquished.

Vanquished Creatures (others)
  An adder (D:2)
1 creature vanquished.

Grand Total: 25 creatures vanquished

Notes
Turn   | Place    | Note
-------+----------+-------------------------------------------
     0 | D:1      | grindst0ne the Deep Dwarf Artificer began the quest for the
                  | Orb.
     0 | D:1      | Reached XP level 1. HP: 16/16 MP: 3/3
    63 | D:1      | Reached skill level 1 in Fighting
   120 | D:1      | Reached XP level 2. HP: 20/25 MP: 5/5
   122 | D:1      | Reached skill level 1 in Armour
   598 | D:2      | Reached XP level 3. HP: 20/32 MP: 6/6
   657 | D:2      | Found a snail-covered altar of Cheibriados.
   663 | D:2      | Found a radiant altar of Vehumet.
   697 | D:2      | Engulfed by a cloud of flame

Illustrated notes

Levels and vault maps discovered:
D:1:      lemuel_arrival_river_bridge, layout_basic
D:2:      layout_rooms, fedhas_ov_isle_minmay, fiery_altar_vehumet,
          amethyst_overflow_temple_binary, minivault_27, cheibriados_altar_1

Skill      XL: |  1  2 |
---------------+-------+-----
Fighting       | 1 |  1.7
Armour         | 1 |  1.7
Short Blades   | |  0.8
Dodging        | |  2.9
Stealth        | |  1.2
Evocations     | |  4.0

Action                   || total
-------------------------++-------
Melee: Short sword       ||   120
Armor: Leather armour    ||    14
       Ring mail         ||    24
Dodge: Dodged            ||    84
